 Dungeon Crawl Stone Soup version 0.29-a0-322-g68df515428 (webtiles) character file.

Game seed: 5888872549374452180

30 Marinxar the Skirmisher (level 3, -1/29 HPs)
             Began as a Human Fighter on Apr 8, 2022.
             Was a Follower of Qazlal.
             Slain by an ogre
             ... wielding a +0 giant spiked club
              (24 damage)
             ... on level 2 of the Dungeon.
             The game lasted 00:03:44 (1588 turns).

Marinxar the Skirmisher (Human Fighter)             Turns: 1588, Time: 00:03:45

Health: -1/29      AC:  6    Str: 16    XL:     3   Next: 35%
Magic:  3/3        EV:  8    Int:  8    God:    Qazlal [*.....]
Gold:   123        SH:  7    Dex: 14    Spells: 2/2 levels left

rFire   . . .      SeeInvis .   a - +0 flail
rCold   . . .      Faith    .   c - +0 buckler
rNeg    . . .      Spirit   .   b - +0 scale mail
rPois   .          Reflect  .   (no helmet)
rElec   .          Harm     .   (no cloak)
rCorr   .          Rampage  .   (no gloves)
Will    .....                   (no boots)
Stlth   ..........              (no amulet)
HPRegen 0.09/turn               (no ring)
MPRegen 0.08/turn               (no ring)

@: no status effects
A: no striking features
a: Renounce Religion


You were on level 2 of the Dungeon.
You worshipped Qazlal.
Qazlal was aware of your devotion.
You visited 1 branch of the dungeon, and saw 2 of its levels.

You collected 123 gold pieces.

Inventory:

Hand Weapons
 a - a +0 flail (weapon)
Armour
 b - a +0 scale mail (worn)
 c - a +0 buckler (worn)
Jewellery
 h - a ring of fire
Scrolls
 g - a scroll of noise {unknown}
 i - a scroll of enchant armour {unknown}
 k - a scroll of identify {unknown}
Potions
 d - a potion of might
 e - a potion of curing {unknown}
 f - 2 potions of degeneration {unknown}
 j - a potion of ambrosia {unknown}


   Skills:
 * Level 3.3 Fighting
 * Level 2.4 Maces & Flails
 * Level 3.3 Armour
 * Level 3.3 Shields


You had 2 spell levels left.
You didn't know any spells.
Your spell library was empty.

Dungeon Overview and Level Annotations

Branches:
Dungeon (2/15)

Altars:
Qazlal


Message History

You kill the kobold!
Qazlal accepts your kill.
Things that are here:
a +0 short sword; 2 stones
There is a shaft here.
Done exploring.
Done exploring.
There is a stone staircase leading down here.
You climb downwards.
Found 12 gold pieces.
There is a stone staircase leading up here.
A goblin comes into view. It is wielding a +0 dagger.
The goblin shouts!
You see here 12 gold pieces.
An ogre comes into view. It is wielding a +0 giant spiked club.
The ogre shouts!
An endoplasm comes into view.
You block the goblin's attack.
You sock the goblin!
You kill the goblin!
Qazlal accepts your kill.
You thump the ogre!
The ogre is moderately wounded.
The ogre completely misses you.
You hit the ogre.
The ogre is heavily wounded.
The ogre barely misses you.
You barely miss the ogre.
The ogre is heavily wounded.
The ogre hits you with a +0 giant spiked club.
You sock the ogre!
The ogre is almost dead.
The ogre barely misses you.
You barely miss the ogre.
The ogre is almost dead.
You barely miss the ogre.
The ogre is almost dead.
The ogre hits you with a +0 giant spiked club!!
Ouch! That really hurt!
You die...

#.# #.#
#.# #.#
#.# #.#
#$# #.#
#@# #O#
#J.
....
#....
#.....
###...#
...#


You could see an ogre and an endoplasm.

Vanquished Creatures
  2 dart slugs (D:1)
  4 bats (D:1)
  4 goblins
  A hobgoblin (D:1)
  2 jackals (D:1)
  3 kobolds (D:1)
  A quokka (D:1)
  3 ball pythons (D:1)
  2 rats (D:1)
22 creatures vanquished.

Notes
Turn   | Place    | Note
-------+----------+-------------------------------------------
     0 | D:1      | Marinxar the Human Fighter began the quest for the Orb.
     0 | D:1      | Reached XP level 1. HP: 18/18 MP: 1/1
   260 | D:1      | Reached XP level 2. HP: 15/24 MP: 2/2
   505 | D:1      | Found a faded altar of an unknown god.
   515 | D:1      | Prayed at the altar of an unknown god.
   515 | D:1      | Became a worshipper of Qazlal Stormbringer
   515 | D:1      | Reached * piety under Qazlal
   850 | D:1      | Reached XP level 3. HP: 26/29 MP: 3/3
  1580 | D:2      | Noticed an ogre
  1588 | D:2      | Slain by an ogre

Illustrated notes

Levels and vault maps discovered:
D:1:      arrival_zaba_pyramid, layout_loops_corners, basic_ecumenical_altar,
          dk_noncrumbling_2
D:2:      layout_basic, nicolae_concentric_dashed_squares_wild,
          minmay_pentomino_z4

Action                   || total
-------------------------++-------
Melee: Flail             ||    79
Armor: Scale mail        ||    46
Dodge: Dodged            ||    36
Block: Buckler           ||    26

Table legend: (Time is in decaauts)
 A = Elapsed time spent in this place.
 B = Non-inter-level travel time spent in this place.
 C = Inter-level travel time spent in this place.
 D = Time resting spent in this place.
 E = Time spent auto-exploring this place.
 F = Levels seen in this place.
 G = Mean time per level.
                   A        B        C        D        E       F      G
               +--------+--------+--------+--------+--------+-----+--------+
         Total |   1612 |   1587 |     25 |    202 |   1137 |   2 |  806.0 |
       Dungeon |   1612 |   1587 |     25 |    202 |   1137 |   2 |  806.0 |
               +--------+--------+--------+--------+--------+-----+--------+

Top non-repeatable levels by time:
     D:1: 1595 daAuts
     D:2: 17 daAuts
